AoeStats
← mryendl2410

Arena

509067186Analyzed
4v4 RM · 8d ago on Sep 25, 2026· 52m 38s· 8 players
Game mode
Random Map
Map size
Large (8 player)
Population
200
Speed
Normal
Resources
Standard
Victory
Conquest
Starting age
Dark Age
Ending age
Imperial Age
RankedLock teamsTeams togetherTeam positionsShared explorationLock speedFull tech treeHidden civsTurbo modeCheats
Victory
Defeat
🇳🇿 Varangians · New Zealand
1469
+12
🇦🇷 Khmer · Argentina
1454
+12
🇦🇺 Bengalis · Australia
1413
+14
🇳🇱 Byzantines · Netherlands
1325
+17
🇻🇳 Italians · Vietnam
1394
-16
🇻🇳 Lithuanians · Vietnam
1359
-13
🇭🇰 Huns · Hong Kong SAR China
1358
-13
🇨🇳 Danes · China
1358
-13
piecardinap
11:58 Feudal Age
15:47 Castle Age
14:27 Horse Collar
16:05 Double-Bit Axe
19:12 Wheelbarrow
27:46 Imperial Age
25:02 Loom
25:31 Gold Mining
25:31 Stone Mining
26:00 Heavy Plow
26:08 Light Cavalry
26:59 Bloodlines
29:07 Scale Barding Armor
28:48 Cavalier
32:11 Bow Saw
33:51 Sanctity
33:42 Fervor
36:53 Ballistics
37:18 Devotion
38:47 Chain Barding Armor
mryendl2410
11:27 Feudal Age
15:59 Castle Age
13:48 Double-Bit Axe
14:36 Horse Collar
14:47 Gold Mining
16:47 Loom
22:14 Imperial Age
20:26 Fletching
23:41 Bodkin Arrow
25:36 Squires
25:38 Scale Mail Armor
24:59 Pikeman
Dd
9:34 Feudal Age
14:27 Castle Age
13:26 Double-Bit Axe
13:53 Horse Collar
17:32 Loom
19:30 Light Cavalry
23:55 Wheelbarrow
26:12 Scale Mail Armor
30:42 Forging
32:27 Chain Mail Armor
34:50 Arson
35:05 Squires
42:32 Imperial Age
41:12 Hamask
42:46 Iron Casting
43:23 Gold Mining
43:48 Bow Saw
43:31 Elite Jomsviking
46:04 Plate Mail Armor
46:35 Blast Furnace
46:52 Conscription
武帝曹操
5:07 Loom
10:50 Feudal Age
15:37 Castle Age
14:16 Double-Bit Axe
14:16 Horse Collar
16:50 Heavy Plow
17:16 Bow Saw
23:31 Gold Mining
26:00 Gold Shaft Mining
27:27 Wheelbarrow
27:06 Stone Mining
30:23 Imperial Age
28:42 Scale Barding Armor
28:47 Forging
29:03 Hand Cart
30:18 Chain Barding Armor
30:03 Husbandry
30:14 Bloodlines
31:38 Iron Casting
31:56 Plate Barding Armor
32:31 Conscription
32:17 Marauders
31:38 Elite Tarkan
33:38 Blast Furnace
36:55 Light Cavalry
Japie05
11:27 Feudal Age
16:10 Castle Age
17:06 Loom
21:11 Imperial Age
19:02 Double-Bit Axe
21:24 Redemption
22:47 Block Printing
23:12 Redemption
26:10 Horse Collar
33:20 Illumination
34:37 Bow Saw
34:36 Heavy Plow
35:16 Wheelbarrow
35:43 Fletching
35:54 Padded Archer Armor
36:19 Atonement
37:30 Sanctity
37:22 Fervor
38:16 Hand Cart
39:36 Bodkin Arrow
39:56 Leather Archer Armor
41:32 Two-Man Saw
40:24 Gold Mining
40:25 Stone Mining
41:09 Crop Rotation
40:20 Crossbowman
41:06 Thumb Ring
41:04 Bracer
42:02 Gold Shaft Mining
41:50 Conscription
41:07 Arbalester
44:00 Scale Barding Armor
44:26 Ring Archer Armor
44:08 Forging
44:41 Hoardings
45:08 Chain Barding Armor
44:11 Heavy Camel Rider
44:52 Husbandry
46:29 Iron Casting
48:38 Plate Barding Armor
49:32 Ring Archer Armor
51:15 Scale Mail Armor
黑糖
10:48 Feudal Age
13:50 Castle Age
11:47 Double-Bit Axe
12:03 Horse Collar
22:40 Wheelbarrow
22:28 Bow Saw
22:10 Loom
23:17 Heavy Plow
23:59 Hand Cart
23:48 Town Watch
23:56 Gold Mining
24:58 Town Patrol
28:07 Imperial Age
26:33 Scale Barding Armor
26:38 Forging
27:19 Gold Shaft Mining
28:11 Chain Barding Armor
27:42 Fletching
28:27 Bloodlines
28:18 Husbandry
30:06 Plate Barding Armor
30:06 Iron Casting
29:24 Elite Battle Elephant
30:37 Devotion
32:23 Tusk Swords
33:56 Light Cavalry
36:06 Conscription
37:35 Blast Furnace
36:30 Bodkin Arrow
36:52 Careening
36:40 Murder Holes
37:07 Ballistics
43:56 Fortified Wall
43:55 Scale Mail Armor
43:55 Bracer
45:12 Chemistry
NADOLEAN
10:12 Feudal Age
11:24 Loom
15:10 Castle Age
21:48 Redemption
26:42 Pikeman
27:50 Sanctity
30:56 Man-at-Arms
31:35 Fletching
31:38 Long Swordsman
36:18 Imperial Age
34:52 Forging
35:41 Scale Mail Armor
43:18 Gold Mining
43:17 Double-Bit Axe
44:03 Bodkin Arrow
44:09 Padded Archer Armor
44:24 Bloodlines
45:57 Chemistry
45:18 Ballistics
45:38 Conscription
44:39 Elite Ratha (Ranged)
45:37 Paiks
45:44 Bracer
47:14 Wheelbarrow
47:54 Leather Archer Armor
50:01 Ring Archer Armor
50:07 Iron Casting
51:44 Husbandry
53:07 Blast Furnace
53:19 Mahayana
Wekawekawooo
0:27 Loom
10:39 Feudal Age
14:29 Castle Age
12:27 Double-Bit Axe
12:53 Horse Collar
13:55 Gold Mining
15:01 Scale Barding Armor
18:35 Chain Barding Armor
18:25 Loom
21:02 Bloodlines
21:04 Forging
21:47 Wheelbarrow
22:03 Town Watch
24:35 Iron Casting
25:19 Hand Cart
27:17 Town Patrol
27:51 Heavy Plow
28:03 Bow Saw
29:40 Stone Mining
32:53 Scale Mail Armor
32:43 Fletching
33:12 Vendel Legacy
34:06 Husbandry
34:04 Bodkin Arrow
53:23 Imperial Age
Connection lost

Rejoining the realm…

Still unreachable

The connection could not be restored.

Session expired

The server has moved on; the page needs a fresh start.